 Dungeon Crawl Stone Soup version 0.28-a0-657-g71136c5590 (webtiles) character file.

Game seed: 11776982704797786326

38742 ytrimaz the Tortoise (level 13, -14/117 HPs)
             Began as a Minotaur Fighter on Oct 13, 2021.
             Was an Elder of Cheibriados.
             Killed from afar by a balrug (36 damage)
             ... with a fireball
             ... on level 3 of the Abyss.
             The game lasted 00:25:04 (12831 turns).

ytrimaz the Tortoise (Minotaur Fighter)            Turns: 12831, Time: 00:25:04

Health: -14/117    AC: 38    Str: 39    XL:     13   Next: 65%
Magic:  12/16      EV:  4    Int: 18    God:    Cheibriados [****..]
Gold:   2171       SH: 16    Dex: 20    Spells: 12/12 levels left

rFire   . . .      SeeInvis .   p - +7 falchion "Buloxen" {venom, Str+3}
rCold   . . .      Faith    .   E - +0 tower shield {reflect}
rNeg    . . .      Spirit   .   q - +11 crystal plate armour of Yfek {Int+3}
rPois   .          Reflect  +   (helmet restricted)
rElec   .          Harm     .   (no cloak)
rCorr   .          Rampage  .   k - +0 pair of gloves
Will    +....                   (no boots)
Stlth   ..........              h - amulet of regeneration
HPRegen 1.29/turn               z - +4 ring of slaying
MPRegen 0.15/turn               v - ring of willpower

@: about to teleport, very slow
A: horns 2, retaliatory headbutt, low mp 1, [screaming 1]
a: Renounce Religion, Bend Time, Temporal Distortion, Slouch


You were on level 3 of the Abyss.
You worshipped Cheibriados.
Cheibriados was greatly pleased with you.
You visited 2 branches of the dungeon, and saw 16 of its levels.
You visited the Abyss 1 time.

You collected 2181 gold pieces.
You spent 10 gold pieces at shops.

Inventory:

Hand Weapons
 a - a +1 long sword of flaming
 p - the +7 falchion "Buloxen" (weapon) {venom, Str+3}
   (You found it on level 7 of the Dungeon)

   It poisons the flesh of those it strikes.
   Str:       It affects your strength (+3).
 D - a +0 long sword of protection
 H - the +9 short sword "Tormentor" {freeze, rF+ Str+4 Int+4 Dex+4}
   (You found it on level 14 of the Dungeon)

   It freezes those it strikes, dealing additional cold damage.
   It can also slow down cold-blooded creatures.
   Str:       It affects your strength (+4).
   Int:       It affects your intelligence (+4).
   Dex:       It affects your dexterity (+4).
   rF:        It protects you from fire.
Armour
 c - a +1 buckler
 k - a +0 pair of gloves (worn)
 q - the +11 crystal plate armour of Yfek (worn) {Int+3}
   (You acquired it on level 6 of the Dungeon)

   Int:       It affects your intelligence (+3).
 E - a +0 tower shield of reflection (worn)
Jewellery
 g - a ring of protection from cold
 h - an amulet of regeneration (around neck)
 i - a +6 ring of dexterity
 v - a ring of willpower (right hand)
 w - a ring of positive energy
 z - a +4 ring of slaying (left hand)
 F - a +6 ring of intelligence
Wands
 n - a wand of flame (58)
 r - a wand of iceblast (7)
 A - a wand of acid (7)
 B - a wand of mindburst (15)
 I - a wand of charming (8)
Scrolls
 e - a scroll of magic mapping
 f - 3 scrolls of torment
 m - 3 scrolls of enchant armour
 t - a scroll of amnesia
 u - a scroll of teleportation
 x - a scroll of fear
 y - a scroll of brand weapon
 J - a scroll of identify
Potions
 b - 2 potions of brilliance
 d - a potion of attraction
 j - a potion of might
 l - 3 potions of magic
 o - a potion of mutation
 s - a potion of curing
 C - 3 potions of lignification {unknown}
 G - a potion of flight {unknown}


   Skills:
 + Level 11.7 Fighting
 + Level 15.2 Long Blades
 + Level 17.6 Armour
 * Level 7.5 Shields
 * Level 9.0 Invocations


You had 12 spell levels left.
You didn't know any spells.
Your spell library contained the following spells:

 Spells                   Type           Power      Damage    Failure   Level
 Blink                    Tloc           N/A        N/A       100%        2
 Sublimation of Blood     Necr           0%         N/A       100%        2
 Wereblood                Tmut           0%         N/A       100%        2
 Gell's Gravitas          Tloc           0%         N/A       100%        3
 Lesser Beckoning         Tloc           0%         N/A       100%        3
 Stone Arrow              Conj/Erth      0%         3d7       100%        3
 Summon Guardian Golem    Hex/Summ       0%         N/A       100%        3
 Teleport Other           Tloc           0%         N/A       100%        3
 Animate Armour           Summ/Erth      0%         N/A       100%        4
 Freezing Cloud           Conj/Ice/Air   0%         6-21      100%        5
 Manifold Assault         Tloc           0%         N/A       100%        5
 Dispersal                Tloc           0%         N/A       100%        6
 Simulacrum               Ice/Necr       0%         N/A       100%        6
 Malign Gateway           Summ/Tloc      0%         N/A       100%        7
 Orb of Destruction       Conj           0%         N/A       100%        7
 Spellforged Servitor     Conj/Summ      0%         N/A       100%        7
 Summon Hydra             Summ           0%         N/A       100%        7
 Lehudib's Crystal Spear  Conj/Erth      0%         10d2      100%        8
 Summon Horrible Things   Summ           0%         N/A       100%        8
 Polar Vortex             Ice            0%         N/A       100%        9


Dungeon Overview and Level Annotations

Branches:
Dungeon (15/15)            Temple (1/1) D:6            Lair (0/6) D:10
    Orc (0/2) D:11         Vaults (0/5) D:13         Depths (0/4) D:15

Altars:
Ashenzari
Cheibriados
Dithmenos
Elyvilon
Fedhas
Gozag
Hepliaklqana
Kikubaaqudgha
Makhleb
Nemelex Xobeh
Okawaru
Qazlal
Ru
Sif Muna
Trog
Uskayaw
Vehumet
Wu Jian
Xom
Yredelemnul
Zin
The Shining One

Shops:
D:1 *   D:3 !*=   D:4 *   D:5 !((:(   D:14 !

Portals:
Trove: D:10 (give 8 scrolls of fog)

Annotations:
D:15 Louise


Innate Abilities, Weirdness & Mutations

You have a pair of horns on your head.
You reflexively headbutt those who attack you in melee.
Your magical capacity is low. (-10% MP)
[You occasionally shout uncontrollably at your foes.]


Message History

You block the sun demon's attack.
Unknown command.
You feel better. You block the sun demon's attack.
Unknown command.
You feel better. You block the sun demon's attack. The balrug gestures at you.
The fireball explodes!
The fireball engulfs the sun demon.
The sun demon completely resists.
The fireball engulfs you.
* * * LOW HITPOINT WARNING * * *
The fireball engulfs the sun demon.
The sun demon completely resists.
The fireball engulfs the balrug.
The balrug completely resists.
You block the sun demon's attack.
You feel better. You block the sun demon's attack.
You feel better. The sun demon hits you.
You are engulfed in flames!!
* * * LOW HITPOINT WARNING * * *
As you read the scroll of teleportation, it crumbles to dust.
You feel strangely unstable.
You feel the power of the Abyss delaying your translocation!
You block the sun demon's attack.
A sun demon comes into view.
Unknown command.
Okay, then.
Okay, then.
Press: ? - help, v - describe, . - travel
Here: a balrug, wielding a +1 demon whip of electrocution (moderately wounded, covered in liquid flames)
The floor, spattered with blood.
Unknown command.
Okay, then.
Okay, then.
Unknown command.
You feel better.
The balrug stops burning.
You block the sun demon's attack. The balrug gestures at you.
The bolt of fire hits the sun demon.
The sun demon completely resists.
The bolt of fire hits you!!
* * * LOW HITPOINT WARNING * * *
You feel better. You block the sun demon's attack. The balrug gestures at you.
The fireball explodes!
The fireball engulfs the sun demon.
The sun demon completely resists.
The fireball engulfs you!!!
You die...

#.. #. ...
.. #..##.
..#.. #...
#.. #.#
#@# #3####
#32..+
#X...#
#...3#
#.......
##.#####.#
#(# ..#


You could see a balrug, 3 sun demons and a large abomination.

Vanquished Creatures
  Agnes (D:15)
  Kirke (D:12)
  A stone giant (D:15)
  The ghost of Totworgh the Thaumaturge, a journeyman DjFE of Gozag (D:14)
  A blizzard demon (Abyss:3)
  Josephine (D:11)
  A fire dragon (D:15)
  2 ogre magi (D:13)
  A boulder beetle (D:13)
  A death knight (D:12)
  A hydra (D:13)
  4 two-headed ogres
  2 centaur warriors
  3 tengu warriors
  2 thrashing horrors (Abyss:3)
  A skeletal warrior (D:13)
  A wretched star (Abyss:3)
  2 phantasmal warriors (D:12)
  A wizard (D:14)
  2 deep elf pyromancers
  4 cyclopes
  6 ugly things
  4 manticores
  Maurice (D:13)
  An elephant (D:10)
  2 gargoyles
  A smoke demon (Abyss:3)
  An unseen horror (D:13)
  A kobold demonologist (D:14)
  The ghost of mdk the Chucker, an amateur OgHu of Okawaru (D:4)
  2 tengu conjurers
  An efreet (D:14)
  A komodo dragon (D:10)
  2 freezing wraiths
  A troll (D:14)
  4 slime creatures (D:14)
  Sigmund (D:4)
  A spriggan (D:13)
  A ynoxinul (Abyss:3)
  3 shadows
  A vampire (D:12)
  A wyvern (D:10)
  Eustachio (D:6)
  2 steam dragons
  4 wraiths (D:11)
  4 basilisks
  A hog (D:12)
  6 neqoxecs (D:14)
  Menkaure (D:7)
  An acid dragon (D:9)
  Edmund (D:6)
  A warg (D:11)
  6 orc warriors
  A sky beast (D:5)
  A black bear (D:6)
  2 necrophages
  A hornet zombie (D:8)
  3 ogres
  10 centaurs
  4 kobold brigands
  A gnoll sergeant (D:8)
  A bullfrog (D:7)
  A scorpion (D:5)
  A water moccasin zombie (D:7)
  A water moccasin skeleton (D:6)
  4 killer bees (D:9)
  5 wights (D:7)
  2 howler monkeys
  11 centaur zombies
  4 quasits (D:14)
  2 orc priests
  2 hounds
  A centaur skeleton (D:7)
  An iguana (D:5)
  13 orc wizards
  2 scorpion simulacra (D:4)
  A hound skeleton (D:5)
  4 gnolls (D:8)
  4 howler monkey zombies
  A howler monkey skeleton (D:7)
  7 adders
  2 hound simulacra (D:4)
  A shadow imp (D:6)
  A howler monkey simulacrum (D:4)
  4 white imps
  An ufetubus (D:4)
  A worm (D:2)
  2 dart slugs (D:2)
  2 adder simulacra (D:4)
  39 orcs
  7 ball pythons
  12 endoplasms
  2 giant cockroaches
  5 goblins
  4 hobgoblins
  2 jackals (D:1)
  16 kobolds
  5 bats
  5 frilled lizards
  A quokka skeleton (D:4)
  4 rats
306 creatures vanquished.

Vanquished Creatures (others)
  A human (D:12)
1 creature vanquished.

Grand Total: 307 creatures vanquished

Notes
Turn   | Place    | Note
-------+----------+-------------------------------------------
     0 | D:1      | ytrimaz the Minotaur Fighter began the quest for the Orb.
     0 | D:1      | Reached XP level 1. HP: 19/19 MP: 0/0
   314 | D:1      | Reached XP level 2. HP: 26/27 MP: 1/1
  1059 | D:1      | Found Hoofanuu's General Store.
  1067 | D:1      | Bought a potion of degeneration for 10 gold pieces
  1159 | D:2      | Reached skill level 4 in Armour
  1284 | D:2      | Reached XP level 3. HP: 27/33 MP: 2/2
  1553 | D:2      | Reached XP level 4. HP: 40/40 MP: 3/3
  1742 | D:2      | Found a faded altar of an unknown god.
  2017 | D:3      | Found Roilo's Jewellery Emporium.
  2026 | D:3      | Found an ornate altar of the Wu Jian Council.
  2125 | D:3      | Found a white marble altar of Elyvilon.
  2136 | D:3      | Found Xoacugud's General Store.
  2199 | D:3      | Found Qistrub's Distillery.
  2709 | D:4      | Found Caroare's Assorted Antiques.
  2826 | D:4      | Reached XP level 5. HP: 37/47 MP: 4/4
  3005 | D:4      | Found a snail-covered altar of Cheibriados.
  3009 | D:4      | Found a shimmering altar of Xom.
  3010 | D:4      | Found a sacrificial altar of Ru.
  3010 | D:4      | Found a sparkling altar of Nemelex Xobeh.
  3011 | D:4      | Found a broken altar of Ashenzari.
  3013 | D:4      | Found a shimmering blue altar of Sif Muna.
  3078 | D:4      | Found a runed translucent gate.
  3078 | D:4      | Found a runed translucent gate.
  3078 | D:4      | Found a runed translucent gate.
  3120 | D:4      | Found a burning altar of Makhleb.
  3125 | D:4      | Reached skill level 5 in Long Blades
  3157 | D:4      | Noticed Sigmund
  3168 | D:4      | Killed Sigmund
  3169 | D:4      | Reached skill level 5 in Armour
  3169 | D:4      | Reached XP level 6. HP: 40/55 MP: 5/5
  3224 | D:4      | Noticed a steam dragon
  3284 | D:4      | Noticed mdk's ghost (amateur OgHu)
  3461 | D:4      | Reached skill level 5 in Fighting
  3476 | D:4      | Killed mdk's ghost
  3477 | D:4      | Reached skill level 6 in Armour
  3477 | D:4      | Reached XP level 7. HP: 51/61 MP: 6/6
  3593 | D:4      | Became a worshipper of Cheibriados the Contemplative
  3616 | D:5      | Entered Level 5 of the Dungeon
  3647 | D:5      | Found Efydorph's Antique Weapon Emporium.
  3684 | D:5      | Found Suon Doa's Weapon Emporium.
  3685 | D:5      | Found Zameucw's Antique Weapon Emporium.
  3738 | D:5      | Reached XP level 8. HP: 66/70 MP: 4/7
  3893 | D:5      | Found Fuag Ecsob's Distillery.
  4011 | D:5      | Found Suluth's Book Shoppe.
  4276 | D:6      | Reached skill level 1 in Invocations
  4332 | D:6      | Reached skill level 7 in Armour
  4333 | D:6      | Noticed Edmund
  4343 | D:6      | Killed Edmund
  4356 | D:6      | Noticed Eustachio
  4385 | D:6      | Killed Eustachio
  4397 | D:6      | Identified a scroll of acquirement
  4397 | D:6      | Acquired the +11 crystal plate armour of Yfek {Int+3}
  4502 | D:6      | Found a staircase to the Ecumenical Temple.
  4526 | D:6      | Reached * piety under Cheibriados
  4772 | D:6      | Reached skill level 8 in Armour
  5369 | Temple   | Entered the Ecumenical Temple
  5523 | D:7      | Noticed Menkaure
  5530 | D:7      | Killed Menkaure
  5531 | D:7      | Reached XP level 9. HP: 79/79 MP: 6/10
  5662 | D:7      | Reached skill level 10 in Long Blades
  6181 | D:7      | Reached skill level 9 in Armour
  6383 | D:8      | Found a shadowy altar of Dithmenos.
  6384 | D:8      | Found a hazy altar of Hepliaklqana.
  6384 | D:8      | Found an iron altar of Okawaru.
  6436 | D:8      | Reached ** piety under Cheibriados
  6962 | D:9      | Reached skill level 10 in Armour
  7234 | D:9      | Reached *** piety under Cheibriados
  7597 | D:10     | Entered Level 10 of the Dungeon
  7604 | D:10     | Noticed a komodo dragon
  7615 | D:10     | Killed a komodo dragon
  7616 | D:10     | Reached XP level 10. HP: 75/88 MP: 12/12
  7720 | D:10     | Reached skill level 11 in Armour
  7726 | D:10     | Found a basalt altar of Yredelemnul.
  7743 | D:10     | Reached skill level 5 in Invocations
  7803 | D:10     | Found a staircase to the Lair.
  7803 | D:10     | Noticed an elephant
  7826 | D:10     | Killed an elephant
  7879 | D:10     | Reached skill level 12 in Armour
  7928 | D:10     | Reached **** piety under Cheibriados
  7950 | D:10     | Noticed a manticore
  7961 | D:10     | Killed a manticore
  7962 | D:10     | Reached XP level 11. HP: 89/97 MP: 14/14
  8324 | D:10     | Found a portal to a secret trove of treasure.
  8561 | D:11     | Found a staircase to the Orcish Mines.
  8562 | D:11     | Noticed a two-headed ogre
  8587 | D:11     | Killed a two-headed ogre
  8717 | D:11     | Noticed Josephine
  8724 | D:11     | Killed Josephine
  8824 | D:11     | Noticed a brown ugly thing
  8832 | D:11     | Killed a brown ugly thing
  8833 | D:11     | Reached skill level 13 in Armour
  8914 | D:11     | Noticed a two-headed ogre
  8920 | D:11     | Killed a two-headed ogre
  9184 | D:12     | Noticed Kirke
  9189 | D:12     | Noticed a sphinx
  9200 | D:12     | Noticed a lindwurm
  9203 | D:12     | Killed Kirke
  9278 | D:12     | Noticed a phantasmal warrior
  9285 | D:12     | Killed a phantasmal warrior
  9286 | D:12     | Reached skill level 10 in Fighting
  9286 | D:12     | Reached skill level 14 in Armour
  9599 | D:12     | Reached XP level 12. HP: 100/106 MP: 16/16
  9638 | D:12     | Noticed a death knight
  9663 | D:12     | Killed a death knight
  9964 | D:13     | Noticed a tengu warrior
  9982 | D:13     | Killed a tengu warrior
  9989 | D:13     | Noticed a centaur warrior
  9991 | D:13     | Noticed a two-headed ogre
 10001 | D:13     | Noticed an ogre mage
 10001 | D:13     | Noticed a two-headed ogre
 10004 | D:13     | Killed a centaur warrior
 10008 | D:13     | Killed a two-headed ogre
 10009 | D:13     | Reached skill level 15 in Armour
 10012 | D:13     | Killed an ogre mage
 10017 | D:13     | Killed a two-headed ogre
 10027 | D:13     | Found a gate to the Vaults.
 10050 | D:13     | Noticed a boulder beetle
 10061 | D:13     | Killed a boulder beetle
 10104 | D:13     | Noticed Maurice
 10112 | D:13     | Killed Maurice
 10304 | D:13     | Noticed a six-headed hydra
 10310 | D:13     | Killed a three-headed hydra
 10374 | D:13     | Reached skill level 16 in Armour
 10454 | D:13     | Noticed an ogre mage
 10460 | D:13     | Paralysed by a spriggan for 5 turns
 10759 | D:13     | Killed an ogre mage
 10828 | D:13     | Found a faded altar of an unknown god.
 10830 | D:13     | Found a hazy altar of Hepliaklqana.
 10858 | D:14     | Found Haont's Distillery.
 11098 | D:7      | Identified the +7 falchion "Buloxen" {venom, Str+3}
 11391 | D:14     | Found a transporter.
 11394 | D:14     | Noticed Totworgh's ghost (journeyman DjFE)
 11406 | D:14     | Found a transporter.
 11422 | D:14     | Gained mutation: Your magical capacity is low. (-10% MP) [a
                  | neqoxec]
 11433 | D:14     | Killed Totworgh's ghost
 11436 | D:14     | Reached XP level 13. HP: 77/116 MP: 14/16
 11447 | D:14     | Identified the +9 short sword "Tormentor" {freeze, rF+
                  | Str+4 Int+4 Dex+4}
 11459 | D:14     | Acquired 1204 gold pieces
 11732 | D:14     | Reached skill level 17 in Armour
 11796 | D:14     | Found a hide-covered altar of Uskayaw.
 12035 | D:15     | Entered Level 15 of the Dungeon
 12070 | D:15     | Reached skill level 5 in Shields
 12109 | D:15     | Noticed a fire dragon
 12119 | D:15     | Killed a fire dragon
 12193 | D:15     | Reached skill level 15 in Long Blades
 12632 | D:15     | Noticed Agnes
 12641 | D:15     | Killed Agnes
 12677 | D:15     | Found a glowing silver altar of Zin.
 12677 | D:15     | Noticed an angel
 12775 | D:15     | Noticed a stone giant
 12776 | D:15     | Found a staircase to the Depths.
 12776 | D:15     | Noticed Louise
 12786 | D:15     | Killed a stone giant
 12790 | D:15     | Cast into level 3 of the Abyss (Louise)
 12800 | Abyss:3  | Noticed a blizzard demon
 12803 | Abyss:3  | Reached ***** piety under Cheibriados
 12808 | Abyss:3  | Killed a blizzard demon
 12815 | Abyss:3  | Noticed a balrug
 12831 | Abyss:3  | Killed from afar by a balrug

Illustrated notes

Levels and vault maps discovered:
D:1:      minmay_arrival_checkered_box, layout_basic, serial_shops, shop
D:2:      layout_basic, ebering_ecumenical_altar_ruins
D:3:      layout_rooms, mainiacjoe_overflow_tiny_flanked,
          mainiacjoe_overflow_cross_hatched, serial_shops, shop,
          nicolae_diamond_shop, shop
D:4:      layout_basic, makhleb_blood_cavern_becter, minitemple, serial_shops,
          nicolae_stop_n_shop_1, gammafunk_ghost_icy, fountainhead,
          kennysheep_cross_room, st_stairs_6, minmay_misc_feat_diagonals,
          lightli_corner_chamber, uniq_sigmund
D:5:      layout_rooms, serial_shops, nicolae_inconvenience_store,
          nicolae_take_the_stairs, nicolae_diamond_shop, shop, shop
D:6:      layout_basic, minmay_temple_entry_nine_rooms, uniq_eustachio,
          uniq_edmund
D:7:      layout_cave_pods, minmay_misc_feat_plants, uniq_menkaure
D:8:      layout_rooms, chequers_temple_overflow_statue_of_worship
D:9:      layout_basic
D:10:     layout_stronghold, nicolae_yredelemnul_corpse_copse,
          david_lair_generic, enter_trove_6
D:11:     layout_rooms, david_orc_3, uniq_josephine
D:12:     layout_loops_ring, blue_anna_alchemist, uniq_kirke
D:13:     layout_roguey, david_vaults_2, beargit_hepliaklqana_dungeon_heroes,
          uniq_maurice
D:14:     layout_irregular_city, gammafunk_ghost_stat_death,
          ebering_dispersal_statue_hall, serial_shops, nicolae_stop_n_shop_1,
          eat_drink_and_be_merry_uskayaw
D:15:     grunt_enter_depths_snipers, layout_irregular_city, zin_angel,
          minmay_crystal_water, led_sif_pool, uniq_louise, uniq_agnes
Temple:   kb_temple_of_zot
Abyss:3:  base: D:1, minivault_13, lemuel_flamethrower_2

Skill      XL: |  1  2  3  4  5  6  7  8  9 10 11 12 13 |
---------------+----------------------------------------+-----
Armour         | 4 5 6 8 10 12 14 16 17 | 17.6
Shields        | 4 7 |  7.5
Fighting       | 4 5 6 7 8 9 10 11 | 11.7
Long Blades    | 3 4 6 7 8 9 11 12 14 15 | 15.2
Invocations    | 2 4 5 7 8 9 |  9.0

Action                   |  1- 3 |  4- 6 |  7- 9 | 10-12 | 13-15 || total
-------------------------+-------+-------+-------+-------+-------++-------
Melee: Long sword        |    68 |    70 |   294 |   316 |       ||   748
       Headbutt          |     6 |     9 |    75 |   132 |    45 ||   267
       Falchion          |       |       |       |    32 |   107 ||   139
Invok: Bend Time         |       |       |     5 |     3 |       ||     8
       Slouch            |       |       |       |     4 |     1 ||     5
  Use: Scroll            |       |     8 |     7 |     7 |     2 ||    24
       Potion            |       |     1 |     2 |       |     7 ||    10
Armor: Scale mail        |     6 |       |       |       |       ||     6
       Chain mail        |    29 |    24 |    33 |       |       ||    86
       Crystal plate arm |       |       |   186 |   364 |   103 ||   653
Dodge: Dodged            |    24 |    24 |    72 |    87 |    32 ||   239
Block: Buckler           |    15 |    12 |    97 |   116 |     8 ||   248
       Tower shield      |       |       |       |       |   102 ||   102
       Reflection        |       |       |       |       |    10 ||    10

Table legend: (Time is in decaauts)
 A = Elapsed time spent in this place.
 B = Non-inter-level travel time spent in this place.
 C = Inter-level travel time spent in this place.
 D = Time resting spent in this place.
 E = Time spent auto-exploring this place.
 F = Levels seen in this place.
 G = Mean time per level.
                   A        B        C        D        E       F      G
               +--------+--------+--------+--------+--------+-----+--------+
         Total |  17192 |  15602 |   1590 |    728 |  11852 |  17 | 1011.3 |
       Dungeon |  17011 |  15432 |   1579 |    728 |  11740 |  15 | 1134.1 |
        Temple |    132 |    122 |     10 |      0 |    112 |   1 |  132.0 |
         Abyss |     49 |     49 |      0 |      0 |      0 |   1 |   49.0 |
               +--------+--------+--------+--------+--------+-----+--------+

Top non-repeatable levels by time:
    D:10: 1620 daAuts
     D:6: 1578 daAuts
    D:12: 1447 daAuts
    D:13: 1415 daAuts
     D:7: 1257 daAuts
     D:9: 1230 daAuts
    D:15: 1172 daAuts
     D:1: 1145 daAuts
    D:14: 1138 daAuts
    D:11: 967 daAuts
     D:4: 918 daAuts
     D:2: 876 daAuts
     D:8: 784 daAuts
     D:5: 745 daAuts
     D:3: 712 daAuts
